 Dungeon Crawl Stone Soup version 0.24-a0-525-g9231cdcba1 (webtiles) character file.

Game seed: 17668968544942252363

173 Floone the Insei (level 5, -3/36 HPs)
             Began as an Octopode Monk on Aug 4, 2019.
             Slain by an orc priest
             ... wielding a +0 trident
              (8 damage)
             ... on level 3 of the Dungeon.
             The game lasted 00:06:37 (2116 turns).

Floone the Insei (Octopode Monk)                    Turns: 2116, Time: 00:06:37

Health: -3/36      AC:  1    Str: 11    XL:     5   Next: 53%
Magic:  5/5        EV: 13    Int: 17    God:
Gold:   106        SH:  3    Dex: 15    Spells: 4/4 levels left

rFire    . . .     SeeInvis .     - Unarmed
rCold    . . .     Gourm    .   f - +0 buckler (curse)
rNeg     . . .     Faith    .   (helmet restricted)
rPois    .         Spirit   .   j - amulet of inaccuracy (curse)
rElec    .         Reflect  .   (no ring)
rCorr    .         Harm     .   (no ring)
MR       .....                  (no ring)
Stlth    +++.......             (no ring)
HPRegen  0.12/turn              (no ring)
MPRegen  0.09/turn              (no ring)
                                (no ring)
                                (no ring)

@: brilliant, hasted, very quick
A: almost no armour, stealthy swim, amphibious, 8 rings, constrict 8, camouflage
1, gelatinous body 1
a: no special abilities


You were on level 3 of the Dungeon.
You were not hungry.

You visited 1 branch of the dungeon, and saw 3 of its levels.

You collected 106 gold pieces.

Inventory:

Missiles
 e - 15 bolts
Armour
 f - a cursed +0 buckler (worn)
Jewellery
 j - a cursed amulet of inaccuracy (around mantle)
Scrolls
 c - a scroll of amnesia
Potions
 i - a potion of magic {unknown}
 k - a potion of curing {unknown}
Comestibles
 a - 3 rations
 b - a chunk of flesh


   Skills:
 - Level 3.0 Fighting
 - Level 3.0 Dodging
 - Level 2.6 Stealth
 * Level 6.0 Unarmed Combat


You had 4 spell levels left.
You didn't know any spells.
Your spell library was empty.

Dungeon Overview and Level Annotations

Branches:
Dungeon (3/15)

Altars:
Qazlal


Innate Abilities, Weirdness & Mutations

You cannot wear most types of armour.
You are very stealthy in the water. (Stealth+)
You are amphibious.
You can wear up to eight rings at the same time.
You can use your tentacles to constrict eight enemies at once.
Your skin changes colour to match your surroundings (Stealth+).
Your rubbery body absorbs attacks. (AC +1, EV +1)


Message History

The orc priest misses you.
It was a potion of heal wounds.
You feel much better. The orc hits you with a +0 dagger.
The orc priest hits you from afar with a +0 trident!
You barely miss the orc. Your grab misses the orc.
You tentacle-slap the orc but do no damage.
You grab the orc. You constrict the orc. The orc hits you with a +0 dagger.
The orc priest hits you from afar with a +0 trident!
* * * LOW HITPOINT WARNING * * *
You tentacle-slap the orc. You squeeze the orc, but do no damage.
The orc is almost dead.
You constrict the orc, but do no damage.
The orc hits you with a +0 dagger.
* * * LOW HITPOINT WARNING * * *
You bludgeon the orc!
You kill the orc!
The orc priest hits you from afar with a +0 trident.
* * * LOW HITPOINT WARNING * * *
The orc priest hits you with a +0 trident!
You die...

..........### #......##...
######....# #......##### #
##....# #......####. # #.....#
#......#.##. # #.###.#
*#####......#.##. # #)#######
*...........l.... # #))...≈≈#
*...........#S###
#####.....≈≈#####o......#####.#o†
....#.....≈≈##.)@.............o.†
.####....≈≈.''..###≈≈≈≈≈≈≈≈≈###.#
.# #.....≈≈##..# *≈#≈≈≈≈≈#≈,...#
.# #.....≈≈##### *≈*≈###≈#≈)...#
.# #....≈.≈# *≈*≈≈≈≈≈#≈....# .#
#.#######* *≈≈≈≈≈≈≈≈≈....# .#
#...# *,** ****,,,,...#### (#
##### *,,* ********* .#
######*.#******************


You could see an orc priest.

Vanquished Creatures
  A centaur zombie (D:2)
  An orc priest (D:3)
  A hound skeleton (D:2)
  4 adders
  A worm (D:2)
  2 dart slugs (D:2)
  A leopard gecko (D:1)
  2 orcs
  5 giant cockroaches (D:1)
  7 hobgoblins
  2 ball pythons (D:1)
  8 bats
  7 frilled lizards
  6 goblins
  4 kobolds
  7 rats
59 creatures vanquished.

Notes
Turn   | Place    | Note
-------+----------+-------------------------------------------
     0 | D:1      | Floone the Octopode Monk began the quest for the Orb.
     0 | D:1      | Reached XP level 1. HP: 16/16 MP: 1/1
   111 | D:1      | Reached XP level 2. HP: 21/21 MP: 2/2
   490 | D:1      | Reached skill level 4 in Unarmed Combat
   588 | D:1      | Reached XP level 3. HP: 23/26 MP: 3/3
  1082 | D:2      | Reached XP level 4. HP: 23/31 MP: 4/4
  1386 | D:2      | Reached skill level 5 in Unarmed Combat
  1815 | D:3      | Reached XP level 5. HP: 30/36 MP: 5/5
  1890 | D:3      | Noticed an air elemental
  1892 | D:3      | Found a stormy altar of Qazlal.
  2108 | D:3      | Reached skill level 6 in Unarmed Combat
  2116 | D:3      | Slain by an orc priest

Levels and vault maps discovered:
D:1:      eino_arrival_druids_welcome, layout_loops_ring,
          minmay_shallow_snake_nest
D:2:      layout_basic
D:3:      minmay_razor_zed, layout_basic, nicolae_qazlal_style_of_elements,
          first_ration, minmay_strange_pillars, minmay_crystal_water,
          minmay_goblin_outpost, uniq_sigmund

Skill      XL: |  1  2  3  4  5 |
---------------+----------------+-----
Unarmed Combat | 4 5 6 |  6.0
Fighting       | |  3.0
Dodging        | |  3.0
Stealth        | |  2.6

Action                   |  1- 3 |  4- 6 || total
-------------------------+-------+-------++-------
Melee: Unarmed           |    65 |    59 ||   124
       Constrict         |    22 |    15 ||    37
       Tentacles         |     9 |    14 ||    23
       Punch             |     1 |     3 ||     4
  Use: Scroll            |       |     5 ||     5
       Potion            |       |     3 ||     3
 Stab: Sleeping          |    17 |     1 ||    18
       Distracted        |       |     1 ||     1
  Eat: Chunk             |       |     4 ||     4
Armor: Skin              |     6 |     4 ||    10
Dodge: Dodged            |    29 |    31 ||    60
Block: Buckler           |       |    10 ||    10

Table legend:
 A = Non-vault XP
 B = Vault XP
 C = Vault XP percentage of total XP
 D = Non-vault monster count
 E = Vault monster count
 F = Vault count percentage of total count
                 A         B        C        D         E       F
            +---------+---------+-------+---------+---------+-------
      Total |     232 |      16 |   6.5 |      50 |       9 |  15.3
            +---------+---------+-------+---------+---------+-------
        D:1 |      32 |       2 |   5.9 |      22 |       2 |   8.3
        D:2 |     114 |       0 |   0.0 |      20 |       0 |   0.0
        D:3 |      86 |      14 |  14.0 |       8 |       7 |  46.7
            +---------+---------+-------+---------+---------+-------
